 Dungeon Crawl Stone Soup version 0.22-a0-362-g535178c (webtiles) character file.

542 wirefist the Sneak (level 7, -5/51 HPs)
             Began as a Vampire Enchanter on Apr 19, 2018.
             Was an Initiate of Dithmenos.
             Slain by a slave (9 damage)
             ... led by Pikel
             ... on level 6 of the Dungeon.
             The game lasted 00:20:50 (8076 turns).

wirefist the Sneak (Vampire Enchanter)              Turns: 8076, Time: 00:20:50

Health: -5/51      AC:  7    Str:  7    XL:     7   Next: 6%
Magic:  9/10       EV: 13    Int: 17    God:    Dithmenos [......]
Gold:   327        SH:  0    Dex: 17    Spells: 4/10 levels left

rFire    + . .     SeeInvis +   v - +5 dagger (drain)
rCold    + . .     Gourm    .   (no shield)
rNeg     + + .     Faith    .   l - +2 robe {rF+}
rPois    +         Spirit   .   (no helmet)
rElec    .         Reflect  .   (no cloak)
rCorr    .         Harm     .   i - +1 pair of gloves
MR       .....                  p - +0 pair of boots
Stlth    +++++.....             (no amulet)
HPRegen  0.08/turn              y - +3 ring of slaying
MPRegen  0.12/turn              (no ring)

@: regenerating slowly
A: fangs 3, see invisible, unbreathing
a: Bat Form, Renounce Religion


You were on level 6 of the Dungeon.
You worshipped Dithmenos.
Dithmenos was noncommittal.
You were near bloodless.

You visited 2 branches of the dungeon, and saw 7 of its levels.

You collected 327 gold pieces.

Inventory:

Hand Weapons
 a - a +1 dagger
 r - the +8 quarterstaff of Disintegration {crush, *Drain +Fly Int+2 Dex+7}
   (You found it on level 4 of the Dungeon)

   It inflicts extra damage upon your enemies.
   It affects your intelligence (+2).
   It affects your dexterity (+7).
   It lets you fly.
   It causes draining when unequipped.
 v - a +5 dagger of draining (weapon)
Armour
 b - a +0 robe
 i - a +1 pair of gloves (worn)
 l - a +2 robe of fire resistance (worn)
 p - a +0 pair of boots (worn)
Jewellery
 y - a +3 ring of slaying (left hand)
Wands
 o - a wand of random effects (20)
 u - a wand of digging (12)
Scrolls
 f - 2 scrolls of magic mapping
 h - 8 scrolls of identify
 j - 4 scrolls of teleportation
 n - 2 scrolls of remove curse
 w - 2 scrolls of blinking
 x - a scroll of amnesia
Potions
 d - 2 potions of blood
 e - a potion of berserk rage
 g - 2 potions of curing
 k - a potion of magic
 m - 2 potions of might
 q - 2 potions of degeneration
 t - a potion of cancellation


   Skills:
 + Level 2.5 Fighting
 * Level 5.8 Short Blades
 - Level 3.1 Dodging
 + Level 7.3 Stealth
 - Level 2.0 Spellcasting
 - Level 4.4 Hexes


You had 4 spell levels left.
You knew the following spells:

 Your Spells              Type           Power        Failure   Level  Hunger
a - Corona                Hex            ###....      3%          1    #......
b - Ensorcelled Hibernat  Hex/Ice        #.....       12%         2    ###....
c - Tukima's Dance        Hex            ###.....     10%         3    ###....


Dungeon Overview and Level Annotations

Branches:
Dungeon (6/15)             Temple (1/1) D:4

Altars:
Ashenzari
Cheibriados
Dithmenos
Elyvilon
Fedhas
Gozag
Hepliaklqana
Kikubaaqudgha
Makhleb
Okawaru
Qazlal
Ru
Trog
Uskayaw
Vehumet
Wu Jian
Xom
Yredelemnul
The Shining One

Shops:
D:5 :

Annotations:
D:3 thechecker02's ghost, amateur HOFi
D:6 Pikel


Innate Abilities, Weirdness & Mutations

You heal slowly.
You have razor-sharp teeth.
You have supernaturally acute eyesight. (SInv)
You can survive without breathing.


Message History

You hit Pikel but do no damage.
Pikel is severely wounded.
The slave hits you.
* * * LOW HITPOINT WARNING * * *
The slave barely misses you. Pikel hits you.
* * * LOW HITPOINT WARNING * * *
You barely miss Pikel.
Pikel is severely wounded.
The slave barely misses you. Pikel hits you.
* * * LOW HITPOINT WARNING * * *
The slave hits you but does no damage. x2
You hit Pikel. You bite Pikel.
You draw Pikel's blood!
You feel better.
You feel slightly less thirsty.
Pikel is almost dead.
Pikel closely misses you. The slave misses you. The slave barely misses you.
You hit Pikel. You drain Pikel!
Pikel is almost dead.
The slave hits you but does no damage. Pikel closely misses you.
The slave hits you!
You die... ..## #.. #..# ###.... ###..###:....# ##.........# .## ..........## ..####. .........# pK...?.

#. ##......##.......
#..###......@K#...#
#.....###.ppp...# #.##
#..##.#####.[...# #..##
#.. #..# #.....# #...# #
..#.. ##.## #....##
#...##. .... #..####...#
##.....# ...#
##..###....# ##......#
....##
###..#...##..###......##
#..###.......##
#...........#


You could see Pikel (berserk) and 3 slaves.

Vanquished Creatures
  A slave (D:6)
  An ogre (D:4)
  Blork the orc (D:4)
  A hound (D:5)
  2 iguanas
  2 orc wizards (D:4)
  3 worker ants (D:4)
  A howler monkey zombie (D:6)
  A howler monkey skeleton (D:6)
  8 adders
  2 oozes
  An adder skeleton (D:4)
  3 worms
  A dart slug (D:2)
  3 leopard geckos
  5 orcs
  A bat zombie (D:3)
  A giant cockroach (D:2)
  3 goblins
  2 hobgoblins
  13 jackals
  5 kobolds
  A bat (D:3)
  5 frilled lizards
  A leopard gecko zombie (D:5)
  5 rats
  2 rat zombies (D:3)
75 creatures vanquished.

Vanquished Creatures (others)
  A dancing weapon (D:6)
1 creature vanquished.

Grand Total: 76 creatures vanquished

Notes
Turn   | Place    | Note
-------+----------+-------------------------------------------
     0 | D:1      | wirefist the Vampire Enchanter began the quest for the Orb.
     0 | D:1      | Reached XP level 1. HP: 13/13 MP: 3/3
   628 | D:2      | Reached XP level 2. HP: 2/19 MP: 5/5
  1411 | D:2      | Reached skill level 5 in Stealth
  1488 | D:2      | Reached XP level 3. HP: 23/24 MP: 6/6
  2807 | D:2      | Reached XP level 4. HP: 30/30 MP: 7/7
  2946 | D:3      | Found a blossoming altar of Fedhas.
  2994 | D:3      | Noticed thechecker02's ghost (amateur HOFi)
  3129 | D:3      | Found a glowing golden altar of the Shining One.
  3608 | D:3      | Found an ancient bone altar of Kikubaaqudgha.
  3755 | D:4      | Found a hazy altar of Hepliaklqana.
  3919 | D:4      | Found a staircase to the Ecumenical Temple.
  3929 | Temple   | Entered the Ecumenical Temple
  4615 | D:4      | Reached XP level 5. HP: 6/36 MP: 8/8
  5144 | D:4      | Noticed an ogre
  5247 | D:4      | Found a shattered altar of Ashenzari.
  5465 | D:4      | Reached skill level 1 in Fighting
  5465 | D:4      | Reached skill level 6 in Stealth
  5755 | D:4      | Noticed Blork the orc
  5775 | D:4      | Killed Blork the orc
  6246 | D:4      | Found a shadowy altar of Dithmenos.
  6260 | D:4      | Became a worshipper of Dithmenos the Shadowed
  6315 | D:4      | Got a crystal quarterstaff
  6316 | D:4      | Identified the +8 quarterstaff of Disintegration {crush, *Drain +Fly Int+2 Dex+7} (You found it on level 4 of the Dungeon)
  6400 | D:4      | Reached XP level 6. HP: 29/44 MP: 9/9
  6576 | D:5      | Entered Level 5 of the Dungeon
  7001 | D:4      | Reached skill level 5 in Short Blades
  7138 | D:5      | Reached skill level 7 in Stealth
  7189 | D:5      | Learned a level 2 spell: Ensorcelled Hibernation
  7193 | D:5      | Learned a level 3 spell: Tukima's Dance
  7305 | D:5      | Found Ula Iri's Book Emporium.
  7550 | D:5      | Found a snail-covered altar of Cheibriados.
  7726 | D:6      | Reached XP level 7. HP: 51/51 MP: 10/10
  8047 | D:6      | Noticed Pikel
  8074 | D:6      | HP: 2/51 [Pikel (2)]
  8076 | D:6      | Slain by a slave

Vault maps used:
D:1:      scummos_arrival_forest
D:2:      first_ration
D:3:      lemuel_round_altar, lemuel_zombie_altar_kikubaaqudgha, minivault_19,
          minivault_23, fedhas_altar_3
D:4:      lemuel_crystal_altar, kennysheep_little_box, minmay_temple_entry_grid,
          minmay_misc_feat_enclosed, grunt_dithmenos_smoke_and_mirrors,
          uniq_blork_the_orc
D:5:      serial_shops, nicolae_shop_waterfront, chei_slow_surprise
D:6:      uniq_crazy_yiuf_cottage, uniq_pikel
Temple:   eino_temple_water

Skill      XL: |  1  2  3  4  5  6 |
---------------+-------------------+-----
Short Blades   | 2 3 4 5 |  5.8
Stealth        | 5 6 7 |  7.3
Dodging        | 3 |  3.1
Fighting       | 1 2 |  2.5
Spellcasting   | |  2.0
Hexes          | |  4.4

Action                   |  1- 3 |  4- 6 |  7- 9 || total
-------------------------+-------+-------+-------++-------
Melee: Dagger            |   161 |   198 |    41 ||   400
       Bite              |     6 |    18 |     3 ||    27
 Cast: Tukima's Dance    |       |       |     1 ||     1
 Abil: End Transformatio |       |     1 |       ||     1
       Bat Form          |       |     1 |       ||     1
  Use: Potion            |     2 |    11 |     1 ||    14
       Scroll            |       |    11 |     6 ||    17
 Stab: Sleeping          |     8 |    11 |     1 ||    20
       Distracted        |       |     1 |       ||     1
  Eat: Corpse            |       |     1 |       ||     1
Armor: Robe              |    27 |    52 |    15 ||    94
Dodge: Dodged            |    98 |   129 |    39 ||   266

Table legend:
 A = Spawn XP
 B = Non-spawn XP
 C = Spawn XP percentage of total XP
 D = Spawn monster count
 E = Non-spawn monster count
 F = Spawn count percentage of total count
 G = Total turns spent on level
                    A         B        C        D         E        F      G
               +---------+---------+-------+---------+---------+-------+---------
         Total |       0 |     775 |   0.0 |       0 |      74 |   0.0 |  8076
               +---------+---------+-------+---------+---------+-------+---------
           D:1 |       0 |      12 |   0.0 |       0 |       8 |   0.0 |   848
           D:2 |       0 |      97 |   0.0 |       0 |      25 |   0.0 |  2066
           D:3 |       0 |      10 |   0.0 |       0 |       7 |   0.0 |  1093
           D:4 |       0 |     475 |   0.0 |       0 |      21 |   0.0 |  2738
           D:5 |       0 |      99 |   0.0 |       0 |       7 |   0.0 |   659
           D:6 |       0 |      82 |   0.0 |       0 |       6 |   0.0 |   444
               +---------+---------+-------+---------+---------+-------+---------
